AoeStats
← I'm AOE2 Noob

MegaRandom

505214439Analyzed
3v3 RM · 24d ago on Sep 8, 2026· 65m 23s· 6 players
Game mode
Random Map
Map size
Normal (6 player)
Population
200
Speed
Normal
Resources
Standard
Victory
Conquest
Starting age
Dark Age
Ending age
Imperial Age
RankedLock teamsTeams togetherTeam positionsShared explorationLock speedFull tech treeHidden civsTurbo modeCheats
Victory
Defeat
🇨🇳 Vietnamese · China
1765
+12
🇨🇳 Japanese · China
1711
+14
🇨🇳 Mongols · China
1607
+19
🇩🇪 Malians · Germany
1705
-16
🇩🇪 Vietnamese · Germany
1660
-15
🇩🇪 Persians · Germany
1659
-14
{ BP } Käpt`n Iglo
8:21 Loom
10:24 Feudal Age
14:36 Castle Age
12:23 Double-Bit Axe
13:30 Horse Collar
15:08 Fletching
15:32 Bow Saw
16:34 Bodkin Arrow
19:48 Padded Archer Armor
20:33 Town Watch
22:16 Wheelbarrow
23:32 Bow Saw
23:22 Heavy Plow
27:05 Gold Mining
31:48 Imperial Age
30:41 Ballistics
32:14 Thumb Ring
32:25 Leather Archer Armor
32:37 Bloodlines
32:32 Bracer
33:30 Husbandry
38:02 Chemistry
40:07 Heavy Cavalry Archer
41:42 Leather Archer Armor
44:38 Ring Archer Armor
44:07 Stone Mining
45:19 Two-Man Saw
44:50 Crop Rotation
46:39 Hand Cart
46:52 Crossbowman
47:32 Elite Skirmisher
48:32 Imperial Skirmisher
60:58 Pikeman
61:39 Squires
61:40 Scale Mail Armor
61:50 Forging
billy bad beat
9:42 Loom
12:02 Feudal Age
16:07 Castle Age
14:26 Double-Bit Axe
15:12 Scale Mail Armor
15:43 Horse Collar
17:13 Town Watch
31:20 Forging
35:36 Wheelbarrow
36:04 Chain Mail Armor
37:31 Iron Casting
36:48 Fletching
45:20 Imperial Age
44:37 Scale Barding Armor
46:28 Elite Skirmisher
47:19 Bodkin Arrow
47:24 Padded Archer Armor
48:15 Imperial Skirmisher
50:08 Leather Archer Armor
55:06 Ring Archer Armor
55:31 Ballistics
Pfienz
6:01 Loom
9:22 Feudal Age
9:46 Double-Bit Axe
10:22 Horse Collar
20:16 Castle Age
18:28 Forging
19:11 Scale Barding Armor
19:59 Bloodlines
21:38 Bow Saw
21:07 Light Cavalry
23:54 Wheelbarrow
28:44 Chain Barding Armor
29:23 Husbandry
34:16 Town Watch
34:44 Gold Mining
37:44 Imperial Age
36:19 Iron Casting
37:36 Cavalier
38:52 Plate Barding Armor
39:18 Blast Furnace
39:23 Savar
45:24 Fletching
45:34 Padded Archer Armor
46:17 Bodkin Arrow
46:23 Padded Archer Armor
46:07 Elite Skirmisher
46:53 Thumb Ring
47:41 Ballistics
48:21 Chemistry
47:28 Imperial Skirmisher
48:29 Leather Archer Armor
52:18 Light Cavalry
53:04 Heavy Plow
56:31 Capped Ram
57:52 Thumb Ring
I'm AOE2 Noob
10:14 Feudal Age
8:31 Loom
10:46 Feudal Age
9:02 Loom
11:46 Double-Bit Axe
14:46 Castle Age
14:47 Fletching
18:42 Bodkin Arrow
24:57 Ballistics
32:54 Wheelbarrow
32:04 Town Watch
33:57 Husbandry
37:23 Imperial Age
35:28 Padded Archer Armor
36:12 Bloodlines
36:44 Gold Mining
36:44 Stone Mining
38:06 Bracer
39:14 Chemistry
39:04 Parthian Tactics
39:08 Heavy Cavalry Archer
39:50 Town Watch
41:30 Leather Archer Armor
42:18 Crossbowman
43:03 Thumb Ring
42:48 Elite Steppe Lancer
43:36 Light Cavalry
44:27 Forging
44:23 Scale Barding Armor
58:21 Gold Shaft Mining
57:36 Stone Mining
61:16 Chain Barding Armor
慕华花繁
7:42 Loom
10:59 Feudal Age
15:20 Castle Age
13:51 Double-Bit Axe
14:44 Horse Collar
16:16 Bow Saw
21:05 Wheelbarrow
21:20 Fletching
24:12 Bodkin Arrow
24:14 Gold Mining
24:14 Stone Mining
26:01 Hand Cart
26:07 Bloodlines
28:07 Gold Shaft Mining
27:22 Stone Mining
28:10 Husbandry
28:04 Town Watch
28:24 Padded Archer Armor
28:51 Ballistics
29:51 Stone Mining
30:14 Pikeman
34:48 Imperial Age
32:55 Leather Archer Armor
33:47 Thumb Ring
34:39 Scale Mail Armor
34:41 Squires
34:53 Heavy Cavalry Archer
36:01 Bracer
36:51 Parthian Tactics
37:42 Chemistry
38:40 Conscription
38:41 Kataparuto
39:10 Ring Archer Armor
39:05 Siege Engineers
39:12 Masonry
38:42 Treadmill Crane
42:19 Halberdier
43:15 Chain Mail Armor
43:36 Forging
44:29 Two-Man Saw
44:31 Plate Mail Armor
46:13 Iron Casting
46:10 Coinage
46:38 Arson
46:50 Guard Tower
46:46 Arrowslits
49:02 Yasama
50:32 Keep
57:00 Elite Skirmisher
58:27 Banking
58:57 Imperial Skirmisher
60:53 Heavy Plow
哲别
8:37 Loom
10:32 Feudal Age
11:54 Double-Bit Axe
14:51 Castle Age
13:49 Fletching
17:16 Bodkin Arrow
23:02 Wheelbarrow
22:30 Gold Mining
22:52 Town Watch
23:28 Bow Saw
26:15 Padded Archer Armor
27:39 Hand Cart
27:59 Leather Archer Armor
29:06 Thumb Ring
31:17 Husbandry
37:15 Stone Mining
44:57 Imperial Age
48:37 Caravan
51:10 Medium Warships
53:50 Ballistics
53:53 Elite Skirmisher
54:37 Scale Mail Armor
54:39 Bracer
56:16 Ring Archer Armor
55:13 Imperial Skirmisher
56:41 Heavy Warships
57:57 Chemistry
56:41 Horse Collar
57:50 Clinker Construction
60:32 Two-Man Saw
59:34 Heavy Plow
60:11 Stone Shaft Mining
61:59 Carvel Hull
63:36 Elite Cannon Galleon
65:03 Siege Engineers
Connection lost

Rejoining the realm…

Still unreachable

The connection could not be restored.

Session expired

The server has moved on; the page needs a fresh start.